 Dungeon Crawl Stone Soup version 0.24-a0-446-g87df7205b4 (webtiles) character file.

Game seed: 12344735040726483617

5 ivs the Grave Robber (level 1, -1/14 HPs)
             Began as a Hill Orc Necromancer on June 24, 2019.
             Slain by a leopard gecko (2 damage)
             ... on level 1 of the Dungeon.
             The game lasted 00:02:49 (264 turns).

ivs the Grave Robber (Hill Orc Necromancer)          Turns: 264, Time: 00:02:50

Health: -1/14      AC:  2    Str: 10    XL:     1   Next: 80%
Magic:  0/3        EV: 12    Int: 15    God:
Gold:   0          SH:  0    Dex: 11    Spells: 2/3 levels left

rFire    . . .     SeeInvis .   d - +0 dagger
rCold    . . .     Gourm    +   (no shield)
rNeg     . . .     Faith    .   a - +0 robe
rPois    .         Spirit   .   (no helmet)
rElec    .         Reflect  .   (no cloak)
rCorr    .         Harm     .   (no gloves)
MR       .....                  (no boots)
Stlth    ++........             G - amulet of the gourmand
HPRegen  0.04/turn              (no ring)
MPRegen  0.08/turn              (no ring)

@: no status effects
A: no striking features
a: no special abilities


You were on level 1 of the Dungeon.
You were not hungry.

You visited 1 branch of the dungeon, and saw 1 of its levels.

Inventory:

Hand Weapons
 d - a +0 dagger (weapon)
Armour
 a - a +0 robe (worn)
Jewellery
 G - an amulet of the gourmand (around neck)
Scrolls
 b - 2 scrolls of magic mapping {unknown}
Potions
 e - 2 potions of might {unknown}
Comestibles
 c - a ration


   Skills:
 - Level 1.5 Dodging
 - Level 1.5 Stealth
 - Level 1.5 Spellcasting
 + Level 4.3 Necromancy


You had 2 spell levels left.
You knew the following spells:

 Your Spells              Type           Power        Failure   Level  Hunger
a - Pain                  Necr           ##..         4%          1    ##.....

Your spell library contained the following spells:

 Spells                   Type           Power        Failure   Level  Hunger
 Animate Skeleton         Necr           N/A          4%          1    ##.....
 Vampiric Draining        Necr           ##........   12%         3    ####...
 Regeneration             Chrm/Necr      #.........   28%         3    ####...
 Animate Dead             Necr           N/A          36%         4    #####..


Dungeon Overview and Level Annotations

Branches:
Dungeon (1/15)

Altars:


Message History

Aiming: Pain (safe; 4% risk of failure)
Press: ? - help, Shift-Dir - straight line, f/p - leopard gecko
Aim: a leopard gecko (lightly wounded, clinging, chance to defeat MR: 85%)
The leopard gecko barely resists.
A bat comes into view.
The bat moves out of view.
The leopard gecko misses you.
You see here 13 stones.
The leopard gecko hisses menacingly.
The leopard gecko bites you.
* * * LOW HITPOINT WARNING * * *
There is an open door, spattered with blood here.
You see here a giant cockroach corpse.
Casting: Pain (safe; 4% risk of failure)
Confirm with . or Enter, or press ? or * to list all spells.
Aiming: Pain (safe; 4% risk of failure)
Press: ? - help, Shift-Dir - straight line, f/p - leopard gecko
Aim: a leopard gecko (lightly wounded, clinging, chance to defeat MR: 85%)
The leopard gecko writhes in agony.
The leopard gecko bites you.
You die...

#...#.....#
#...#.....#
#........## #........#
##......(# #.....g.#
#.......# ###########
#......l# #>.......(.
#######@##
##..#..#..#.
#......####..†........
#....>.'.......^......
#......###.#>.....(...
#......# #............
#......# #...(..(.....
#......# #.#..#..#..#.
####...# #.#>.........
#...# #†###########


You could see a leopard gecko and a hobgoblin.

Vanquished Creatures
  A giant cockroach (D:1)
  3 bats (D:1)
  2 rats (D:1)
6 creatures vanquished.

Notes
Turn   | Place    | Note
-------+----------+-------------------------------------------
     0 | D:1      | ivs the Hill Orc Necromancer began the quest for the Orb.
     0 | D:1      | Reached XP level 1. HP: 14/14 MP: 3/3
   264 | D:1      | Slain by a leopard gecko

Levels and vault maps discovered:
D:1:      lemuel_arrival_broad_hall, layout_basic, minmay_octomino_j4

Action                   || total
-------------------------++-------
Melee: Dagger            ||     9
 Cast: Pain              ||    15
Armor: Robe              ||     1
Dodge: Dodged            ||    11

Table legend:
 A = Non-vault XP
 B = Vault XP
 C = Vault XP percentage of total XP
 D = Non-vault monster count
 E = Vault monster count
 F = Vault count percentage of total count
                 A         B        C        D         E       F
            +---------+---------+-------+---------+---------+-------
      Total |       8 |       0 |   0.0 |       6 |       0 |   0.0
            +---------+---------+-------+---------+---------+-------
        D:1 |       8 |       0 |   0.0 |       6 |       0 |   0.0
            +---------+---------+-------+---------+---------+-------
